Unix NetHack Version 3.7.0-89 Work-in-progress - last build Nov 29 2023 14:12:02 (8663f69846b387d428bf56816b0fc57e108cd183,branch:master). Game began 2023-11-05 19:42:10, ended 2024-01-04 01:04:44. ranchyang96, lawful male human Archeologist ------- ......| |..)..+ .<....| ------- ----------+- |..........| |..........| |..........| ....T@...... |...TT.....| ------------ Ranchyang96 the Exhumer St:18 Dx:18 Co:18 In:15 Wi:15 Ch:11 Lawful S:38348 Dlvl:17 $:0 HP:0(76) Pw:49(49) AC:-9 Xp:10/8875 T:25503 Satiated Latest messages: The gnome lady hits! The bugbear picks up a crossbow bolt. The troll hits! The troll hits! The troll misses! The ice troll hits! The ice troll hits! You avoid harm. The ice troll bites! The troll hits! The troll just misses! The troll bites! You can move again. You kill the hobgoblin! The plains centaur shoots a crossbow bolt! The crossbow bolt hits the kobold lady. The goblin throws a crude dagger! The crude dagger hits the plains centaur. The mountain centaur hits! The mountain centaur kicks! The mountain centaur kicks again! The gnome lady misses! The bugbear picks up a curved sword. The hobgoblin swings her curved sword. The hobgoblin misses! The troll hits! The troll misses! The troll bites! The ice troll hits! The ice troll hits! You're covered in frost! The ice troll bites! The troll misses! The troll hits! The troll just misses! What do you want to zap? In what direction? You dig a hole through the floor. You fall through... You hear the howling of the CwnAnnwn... The troll just misses! The troll hits! The troll bites! The ice troll hits! You die... Do you want your possessions identified? [ynq] (y) Do you want to see your attributes? [ynq] (y) Do you want an account of creatures vanquished? [ynaq] (y) Do you want to see your conduct and achievements? [ynq] (y) Do you want to see the dungeon overview? [ynq] (y) Inventory: Amulets ('"') e - an uncursed amulet of reflection named 2ACbought (being worn) Weapons (')') T - a +2 aklys named StealthSearchPoisonMentalFireFastInvSee (alternate weapon; not wielded) d - a +0 dwarvish mattock named MinesLater, MR, Sacrifice (weapon in hands) Armor ('[') q - a blessed +1 orcish helm (being worn) B - an uncursed fireproof +0 pair of leather gloves (being worn) L - an uncursed +1 pair of iron shoes (being worn) K - a blessed +2 dwarvish cloak (being worn) z - an uncursed +4 chain mail named Pray25127 (being worn) Comestibles ('%') m - an uncursed lizard corpse Wands ('/') x - a wand of digging (0:0) g - a wand of lightning (0:1) F - a wand of slow monster (0:7) M - a wand of teleportation (0:5) Tools ('(') p - an uncursed sack containing 13 items j - an uncursed magic whistle k - an uncursed skeleton key t - an uncursed stethoscope l - an uncursed partly used tallow candle P - an uncursed wet towel u - a blessed +0 unicorn horn Gems/Stones ('*') n - an uncursed chrysoberyl stone I - a blessed luckstone r - an uncursed touchstone Contents of the sack: 3892 gold pieces the rustproof +0 Demonbane an uncursed +0 pair of elven boots an uncursed +0 mummy wrapping an uncursed scroll of punishment an uncursed potion of extra healing a cursed potion of hallucination an uncursed potion of invisibility a cursed potion of sickness an uncursed ring of free action an uncursed +1 ring of protection an uncursed citrine stone an uncursed ruby Ranchyang96 the Archeologist's attributes: Background: You were an Exhumer, a level 10 male human Archeologist. You were lawful, on a mission for Quetzalcoatl who was opposed by Camaxtli (neutral) and Huhetotl (chaotic). You were in the Dungeons of Doom, on level 17. You entered the dungeon 25503 turns ago. It was nighttime. You had 8875 experience points, 1125 more were needed to attain level 11. Your score was 38348 before end-of-game adjustments. Basics: You had 0 out of 76 hit points. You had all 49 energy points (spell power). Your armor class was -9. Your wallet was empty, but you had 3892 zorkmids stashed away in your pack. Autopickup was on for '$"?+!=/' plus thrown, with exceptions. Final Characteristics: Your strength was 18 (limit:18/100). Your dexterity was 18 (limit:18). Your constitution was 18 (limit:18). Your intelligence was 15 (limit:18). Your wisdom was 15 (limit:18). Your charisma was 11 (limit:18). Final Status: You were satiated. You were unencumbered. You were wielding a mattock. You were skilled in pick-axe and could have enhanced that. Final Attributes: You were piously aligned. You were fire resistant. You were poison resistant. You saw invisible. You were telepathic. You had automatic searching. You were invisible to others. You were stealthy. You had a small defense bonus (+2). You were warded. You were fast. You had reflection. You were extremely lucky. You had extra luck. Good luck did not time out for you. You are dead. Miscellaneous: You disabled loading of bones levels. Total elapsed playing time was 13 hours, 39 minutes and 42 seconds. Major events: Turn 1: ranchyang96 the lawful male human Archeologist entered the dungeon 567: entered the Gnomish Mines 1035: attained the rank of Field Worker (level 3) 6285: attained the rank of Investigator (level 6) 6291: reached Mine Town 7109: entered Sokoban 7580: completed 1st Sokoban level 8566: completed 2nd Sokoban level 9189: completed 3rd Sokoban level 13044: completed 4th Sokoban level 13855: acquired the Sokoban amulet of reflection 19577: attained the rank of Exhumer (level 10) 20614: acquired the Mines' End luckstone 24607: was bestowed with Demonbane by Quetzalcoatl 25503: killed by an ice troll Vanquished creatures: a trapper 2 giant mimics a long worm 2 stalkers an earth elemental 5 wargs 4 small mimics an ettin mummy a quantum mechanic a gelatinous cube a large dog a flaming sphere 3 large cats a tiger 2 gargoyles 3 tengu 2 human mummies a red naga a wraith a carnivorous ape a leather golem 2 watchmen 4 chameleons a giant beetle a quivering blob 2 cockatrices 5 wolves 6 winter wolf cubs 2 panthers a gremlin 6 leprechauns 2 orc-captains 3 iron piercers 2 mumakil 4 giant spiders 2 scorpions a horse an ice vortex a black light 2 gnome rulers 2 dwarf mummies an ogre a brown pudding a rust monster an owlbear 2 yetis 2 gold golems 2 werewolves a Green-elf 3 lizards 2 chickatrices a dingo 3 housecats 2 jaguars a dwarf leader 2 white unicorns 2 gray unicorns 2 black unicorns 2 ravens a plains centaur 2 gnome mummies 3 snakes 9 apes a rope golem a Woodland-elf 7 fire ants 3 bugbears 3 imps 3 quasits 3 wood nymphs 3 water nymphs a mountain nymph 10 Mordor orcs 24 Uruk-hai an orc shaman 2 rock piercers 4 rock moles 2 ponies 2 fog clouds 2 yellow lights 2 shriekers 6 violet fungi 17 gnome leaders 6 gnomish wizards a golden naga hatchling a guardian naga hatchling 5 gray oozes a barrow wight 4 elf zombies a straw golem a paper golem 5 giant ants 2 little dogs 11 floating eyes 2 kittens 8 dwarves 5 homunculi 2 kobold leaders 2 kobold shamans 17 hill orcs 4 rothes 3 rabid rats a centipede 5 giant bats 2 monkeys 9 orc zombies 4 wererats 10 iguanas 8 killer bees 6 acid blobs 6 coyotes 4 gas spores 7 hobbits 14 manes 2 large kobolds 7 hobgoblins 4 giant rats 16 cave spiders a brown mold 3 yellow molds 3 green molds 3 red molds 55 gnomes 3 gnome zombies 14 geckos 19 jackals 4 foxes 6 kobolds 11 goblins 7 sewer rats 19 grid bugs 2 bats 8 lichens 5 kobold zombies 7 newts 585 creatures vanquished. No species were genocided or became extinct. Voluntary challenges: You read items or engraved 67 times. You engraved Elbereth 40 times. You never genocided any monsters. You never polymorphed an object. You never changed form. You used no wishes. You did not violate any of the special Sokoban rules. Achievements: You entered the Gnomish Mines. You attained the rank of Field Worker. You attained the rank of Investigator. You entered Minetown. You entered a temple. You entered a shop. You entered Sokoban. You completed Sokoban. You attained the rank of Exhumer. You completed the Gnomish Mines. The Dungeons of Doom: levels 1 to 17 Level 1: "vault" Some fountains. Level 2: "VaultBox" An altar, a fountain. Stairs down to The Gnomish Mines. Level 3: Some fountains. Level 4: Many fountains. Level 5: "Armors" Many fountains. Oracle of Delphi. Level 6: "VaultGenStore" A general store, a fountain. Stairs up to Sokoban, level 5. Level 7: "Pools" Level 8: "TrapboxVault" A sink. Level 9: "Stash" An altar to Quetzalcoatl, a grave. Level 10: An altar. Level 11: "Vault" Level 12: "Stash" Some fountains. Summoned by Lord Carnarvon. Level 13: "Vault" Level 14: "Stash" An altar, some fountains. Level 15: Some fountains. Level 16: "Throne" A throne, a fountain, a grave. Level 17: <- You were here. Final resting place for you, killed by an ice troll. The Gnomish Mines: levels 3 to 10 Level 3: "Lit" Level 4: "Dark" Level 5: "TownStash" Many shops, a temple and an altar, some fountains. Level 6: "Dark" Level 7: "Dark" Level 8: "Lit" Level 9: "Lit" Level 10: "EndToBeCleared" Sokoban: levels 5 up to 2 Level 2: Solved. Level 3: Solved. Level 4: Solved. Level 5: "Stash" Solved. Game over: ---------- / \ / REST \ / IN \ / PEACE \ / \ | ranchyang96 | | 3892 Au | | killed by an ice | | troll | | | | | | 2024 | *| * * * | * _________)/\\_//(\/(/\)/\//\/|_)_______ Goodbye ranchyang96 the Archeologist... You died in The Dungeons of Doom on dungeon level 17 with 37959 points, and 3892 pieces of gold, after 25503 moves. You were level 10 with a maximum of 76 hit points when you died.